 Dungeon Crawl Stone Soup version 0.27.0-1-g7a089689b8 (webtiles) character file.

Game seed: 6963685491255506420

1915 tilp the Geomancer (level 9, -5/48 HPs)
             Began as a Gargoyle Earth Elementalist on Aug 5, 2021.
             Was a Follower of Vehumet.
             Slain by an orc warrior (7 damage)
             ... on level 7 of the Dungeon.
             The game lasted 00:10:58 (8290 turns).

tilp the Geomancer (Gargoyle Earth Elementalist)    Turns: 8290, Time: 00:10:59

Health: -5/48      AC: 10    Str:  9    XL:     9   Next: 16%
Magic:  9/15       EV: 11    Int: 24    God:    Vehumet [*.....]
Gold:   262        SH:  0    Dex: 15    Spells: 6/16 levels left

rFire    . . .     SeeInvis .   a - +6 falchion of Zymuace {vorpal, rC+ Stlth+}
rCold    + . .     Faith    .   (no shield)
rNeg     + . .     Spirit   .   s - +1 leather armour of Time Monsters {Str-2 Int+4 Dex+5}
rPois    ∞         Reflect  .   (no helmet)
rElec    +         Harm     .   (no cloak)
rCorr    .         Rampage  .   (no gloves)
Will     .....                  (no boots)
Stlth    +++.......             (no amulet)
HPRegen  0.16/turn              (no ring)
MPRegen  0.14/turn              (no ring)

@: no status effects
A: sickness immunity, AC +6, negative energy resistance 1, electricity
resistance, torment resistance 1, petrification resistance
a: Renounce Religion


You were on level 7 of the Dungeon.
You worshipped Vehumet.
Vehumet was aware of your devotion.
You visited 2 branches of the dungeon, and saw 8 of its levels.

You collected 262 gold pieces.

Inventory:

Hand Weapons
 a - the +6 falchion of Zymuace (weapon) {vorpal, rC+ Stlth+}
   (You found it on level 7 of the Dungeon)

   It inflicts extra damage upon your enemies.
   rC:        It protects you from cold.
   Stlth:     It makes you more stealthy.
 b - a +1 vorpal hand axe
 v - a +1 short sword of draining
Missiles
 c - 232 stones
 g - 9 boomerangs (quivered)
 n - 11 poisoned darts
Armour
 h - a +0 robe
 j - a +1 ring mail of cold resistance
 s - the +1 leather armour of Time Monsters (worn) {Str-2 Int+4 Dex+5}
   (You found it on level 6 of the Dungeon)

   Str:       It affects your strength (-2).
   Int:       It affects your intelligence (+4).
   Dex:       It affects your dexterity (+5).
 x - a +1 buckler
Jewellery
 p - a ring of protection from fire
 t - an amulet of faith
 u - a ring of resist corrosion
 w - a ring of see invisible
Scrolls
 d - a scroll of vulnerability
 k - 2 scrolls of teleportation
 l - a scroll of identify
Potions
 e - 3 potions of mutation
 f - a potion of ambrosia
 i - a potion of heal wounds
 m - a potion of brilliance
 o - 2 potions of curing
 q - a potion of lignification {unknown}
 r - a potion of haste {unknown}


   Skills:
 - Level 2.0 Fighting
 - Level 2.0 Dodging
 - Level 4.0 Stealth
 + Level 2.7 Shields
 - Level 4.0 Spellcasting
 - Level 6.0 Conjurations
 - Level 2.0 Transmutations
 - Level 10.0 Earth Magic


You had 6 spell levels left.
You knew the following spells:

 Your Spells              Type           Power      Damage    Failure   Level
a - Sandblast             Erth           100%       2d20      1%          1
b - Passwall              Tmut/Erth      27%        N/A       1%          2
c - Stone Arrow           Conj/Erth      86%        3d12      1%          3
d - Petrify               Tmut/Erth      33%        N/A       12%         4

Your spell library contained the following spells:

 Spells                   Type           Power      Damage    Failure   Level
 Magic Dart               Conj           100%       1d8       1%          1
 Animate Skeleton         Necr           8%         N/A       14%         1
 Apportation              Tloc           8%         N/A       14%         1
 Corona                   Hex            4%         N/A       14%         1
 Pain                     Necr           16%        1d4       14%         1
 Summon Small Mammal      Summ           16%        N/A       14%         1
 Leda's Liquefaction      Hex/Erth       14%        N/A       17%         4
 Ensorcelled Hibernation  Hex/Ice        8%         N/A       21%         2
 Slow                     Hex            4%         N/A       21%         2
 Call Canine Familiar     Summ           4%         N/A       38%         3
 Confusing Touch          Hex            4%         N/A       38%         3
 Portal Projectile        Hex/Tloc       8%         N/A       38%         3
 Tukima's Dance           Hex            4%         N/A       38%         3
 Vampiric Draining        Necr           2%         2d6       38%         3


Dungeon Overview and Level Annotations

Branches:
Dungeon (7/15)             Temple (1/1) D:4

Altars:
Cheibriados
Dithmenos
Fedhas
Gozag
Nemelex Xobeh
Okawaru
Qazlal
Sif Muna
Trog
Uskayaw
Vehumet
Wu Jian
Xom
Zin
The Shining One

Annotations:
D:5 1 runed translucent door, exclusion: steam dragon, TotallyRasta's ghost, amateur MiFi


Innate Abilities, Weirdness & Mutations

You are immune to sickness and miasma.
Your stone body is resilient. (AC +6)
You are immune to poison.
You resist negative energy. (rN+)
You are resistant to electric shocks. (rElec)
You are resistant to unholy torment.
You are immune to petrification.


Message History

You hit the orc but do no damage.
The orc hits you with a +2 mace of protection.
You barely miss the orc.
You hear some strange, mumbled words.
You are confused.
The orc hits you with a +2 mace of protection.
Unknown command.
You bump into the rock wall.
The orc warrior hits you with a +0 scimitar.
You bump into the rock wall.
The orc warrior hits you with a +0 scimitar!
You're too confused to cast spells.
Unknown command.
Unknown command.
You hit the orc warrior.
The orc warrior is lightly wounded.
The orc warrior barely misses you. The orc warrior closely misses you.
You bump into the rock wall.
You feel less confused. Something hits you but does no damage.
Unknown command.
Casting: Sandblast (safe; 1% risk of failure)
Confirm with . or Enter, or press ? or * to list all spells.
Aiming: Stone Arrow (safe; 1% risk of failure)
Press: ? - help, Shift-Dir - straight line, f - orc warrior
Aim: an orc warrior, wielding a +0 scimitar and wearing a +0 chain mail (lightly wounded, 73% to hit)
The stone arrow misses the orc warrior.
The orc warrior hits you with a +0 scimitar!
* * * LOW HITPOINT WARNING * * *
Casting: Stone Arrow (safe; 1% risk of failure)
Confirm with . or Enter, or press ? or * to list all spells.
Aiming: Stone Arrow (safe; 1% risk of failure)
Press: ? - help, Shift-Dir - straight line, f/p - orc warrior
Aim: an orc warrior, wielding a +0 scimitar and wearing a +0 chain mail (lightly wounded, 73% to hit)
The stone arrow hits the orc warrior!
The orc warrior is severely wounded.
Something hits you but does no damage. The orc hits you with a +3 flail!
* * * LOW HITPOINT WARNING * * *
The orc warrior hits you with a +0 scimitar!
You die...

......###.........##
...................##
................o...#
...................##
.....#.........##.##
..#.##.........#...##
.####...........o#..###
.............#.#.#..<.#
..##.......###.o@o....#
..###......# #.##.....#
..###.....####. #....##
...###......##.###..##
...##........#.###...#
....##...........#...#
)...........#.#..##..#
..†.........####.#...##..
..##.......##
#..........#


You could see an orc warrior and 2 orcs.

Vanquished Creatures
  A water moccasin (D:7)
  2 black bears
  2 ice beasts (D:6)
  2 ogres
  2 centaurs (D:5)
  A wyvern zombie (D:6)
  2 bullfrogs
  A gnoll sergeant (D:5)
  2 scorpions
  A bullfrog zombie (D:6)
  4 hounds
  A gnoll shaman (D:6)
  2 centaur zombies
  2 jellies
  4 orc priests
  A centaur skeleton (D:5)
  An iguana (D:4)
  An orc wizard (D:6)
  A killer bee zombie (D:6)
  A hound skeleton (D:4)
  A mummy (D:5)
  8 gnolls
  5 adders
  An ufetubus (D:6)
  An adder skeleton (D:4)
  3 worms
  A dart slug (D:3)
  15 orcs
  10 ball pythons
  10 endoplasms
  4 giant cockroaches
  6 goblins
  8 hobgoblins
  5 jackals (D:3)
  6 quokkas
  6 bats
  7 frilled lizards
  A hobgoblin zombie (D:5)
  5 kobolds
  A kobold zombie (D:5)
  An orc zombie (D:5)
  A quokka skeleton (D:4)
  3 rats
143 creatures vanquished.

Vanquished Creatures (others)
  A wizard (D:3)
  47 plants (D:5)
48 creatures vanquished.

Grand Total: 191 creatures vanquished

Notes
Turn   | Place    | Note
-------+----------+-------------------------------------------
     0 | D:1      | tilp the Gargoyle Earth Elementalist began the quest for
                  | the Orb.
     0 | D:1      | Reached XP level 1. HP: 10/10 MP: 3/3
   103 | D:1      | Reached skill level 4 in Earth Magic
   150 | D:1      | Reached XP level 2. HP: 15/15 MP: 1/5
  1022 | D:1      | Reached XP level 3. HP: 19/19 MP: 6/6
  1028 | D:1      | Reached skill level 5 in Earth Magic
  1031 | D:1      | Learned a level 2 spell: Passwall
  1035 | D:1      | Learned a level 3 spell: Stone Arrow
  1238 | D:1      | Found a faded altar of an unknown god.
  1558 | D:2      | Reached skill level 1 in Conjurations
  2004 | D:2      | Reached XP level 4. HP: 13/24 MP: 7/7
  2731 | D:3      | Found a bloodstained altar of Trog.
  2734 | D:3      | Noticed a wizard
  2739 | D:3      | Killed a wizard
  2922 | D:3      | Reached XP level 5. HP: 20/28 MP: 8/8
  3284 | D:3      | Reached skill level 6 in Earth Magic
  4302 | D:4      | Reached XP level 6. HP: 33/33 MP: 4/9
  4446 | D:4      | Found an ornate altar of the Wu Jian Council.
  4481 | D:4      | Reached skill level 1 in Fighting
  4910 | D:4      | Found a staircase to the Ecumenical Temple.
  4922 | Temple   | Entered the Ecumenical Temple
  4988 | Temple   | Became a worshipper of Vehumet
  5030 | D:4      | Reached XP level 7. HP: 40/40 MP: 4/10
  5203 | D:5      | Entered Level 5 of the Dungeon
  5209 | D:5      | Reached skill level 7 in Earth Magic
  5285 | D:5      | Found a runed translucent door.
  5481 | D:5      | Noticed TotallyRasta's ghost (amateur MiFi)
  5562 | D:5      | Reached skill level 8 in Earth Magic
  5567 | D:5      | Learned a level 4 spell: Petrify
  5771 | D:5      | Reached skill level 1 in Transmutations
  5811 | D:5      | Noticed a steam dragon
  5957 | D:5      | Reached XP level 8. HP: 44/44 MP: 1/11
  6655 | D:6      | Reached skill level 5 in Conjurations
  6839 | D:6      | Found a blossoming altar of Fedhas.
  7196 | D:6      | Reached skill level 9 in Earth Magic
  7196 | D:6      | Identified the +1 leather armour of Time Monsters {Str-2
                  | Int+4 Dex+5}
  7634 | D:6      | Reached * piety under Vehumet
  7634 | D:6      | Offered knowledge of Magic Dart by Vehumet.
  7978 | D:6      | Reached XP level 9. HP: 44/48 MP: 4/15
  8120 | D:7      | Reached skill level 10 in Earth Magic
  8122 | D:7      | Reached skill level 1 in Shields
  8180 | D:7      | Identified the +6 falchion of Zymuace {vorpal, rC+ Stlth+}
  8290 | D:7      | HP: 2/48 [orc (8)]
  8290 | D:7      | Slain by an orc warrior

Illustrated notes

Levels and vault maps discovered:
D:1:      heliophobic_arrival_enchanted_forest, layout_loops_ring,
          chequers_ecumenical_altar_twisty
D:2:      layout_loops_cross
D:3:      layout_loops_corners, nicolae_overflow_hidden_temple, trog_wizard,
          minmay_fractal_squares_diagonal_5
D:4:      layout_rooms, nzn_wu_jian_contemplation, minmay_temple_entry_wispy
D:5:      layout_rooms, ebering_ghost_sewer_d, serial_bayou,
          serial_bayou_shore_b, serial_bayou_crossing, serial_bayou_lagoon_a,
          serial_bayou_pond_c, minmay_mini_ossuary
D:6:      layout_loops_cross, fedhas_altar_1
D:7:      layout_cave_pools, serial_shops, kennysheep_little_box,
          guppyfry_early_elven_hall
Temple:   nicolae_temple_x_marks_the_god

Skill      XL: |  1  2  3  4  5  6  7  8  9 |
---------------+----------------------------+-----
Earth Magic    | 4 5 6 8 9 10 | 10.0
Conjurations   | 1 2 4 6 |  6.0
Fighting       | 2 |  2.0
Dodging        | 2 |  2.0
Stealth        | 4 |  4.0
Transmutations | 1 2 |  2.0
Spellcasting   | 4 |  4.0
Shields        | 2 |  2.7

Action                   |  1- 3 |  4- 6 |  7- 9 || total
-------------------------+-------+-------+-------++-------
Melee: Club              |    16 |       |       ||    16
       Short sword       |    59 |    90 |       ||   149
       Unarmed           |     4 |       |       ||     4
       Hand axe          |       |    40 |    83 ||   123
       Falchion          |       |       |     8 ||     8
 Cast: Sandblast         |    25 |    21 |    28 ||    74
       Stone Arrow       |       |     8 |    38 ||    46
  Use: Scroll            |     1 |     4 |     8 ||    13
 Stab: Sleeping          |     7 |     4 |     3 ||    14
Armor: Robe              |    35 |    51 |    26 ||   112
       Leather armour    |       |       |    17 ||    17
Dodge: Dodged            |    41 |    68 |    86 ||   195
       Rpst.: Falchion   |       |       |     2 ||     2
